 Dungeon Crawl Stone Soup version 0.28-a0-657-g71136c5590 (webtiles) character file.

Game seed: 8331860744206668361

326 cheechan the Slasher (level 6, -5/51 HPs)
             Began as a Barachi Chaos Knight on Oct 13, 2021.
             Was a Plaything of Xom.
             Succumbed to barbed spike wounds
             ... on level 4 of the Dungeon.
             The game lasted 00:14:33 (3063 turns).

cheechan the Slasher (Barachi Chaos Knight)         Turns: 3063, Time: 00:14:33

Health: -5/51      AC: 10    Str: 20      XL:     6   Next: 49%
Magic:  6/6        EV:  9    Int: 14      God:    Xom [......]
Gold:   166        SH:  8    Dex: 14 (15) Spells: 5/5 levels left

rFire   . . .      SeeInvis +   a - +1 falchion (chaos)
rCold   . . .      Faith    .   j - +0 kite shield
rNeg    . . .      Spirit   .   b - +2 leather armour
rPois   .          Reflect  .   (no helmet)
rElec   .          Harm     .   (no cloak)
rCorr   .          Rampage  .   d - +1 pair of gloves
Will    .....                   t - +0 pair of boots
Stlth   +.........              (no amulet)
HPRegen 0.17/turn               c - ring "Izino" {*Slow Str+6 Dex+2 SInv}
MPRegen 0.10/turn               (no ring)

@: spiked, unable to hop, slow
A: amphibious, slowness 1, strong legs 1, +LOS, iridescent scales 1, clever 1,
wild magic 1, MP-powered wands
a: Hop, Renounce Religion


You were on level 4 of the Dungeon.
You worshipped Xom.
You were a very special plaything of Xom.
You visited 2 branches of the dungeon, and saw 5 of its levels.

You collected 166 gold pieces.

Inventory:

Hand Weapons
 a - a +1 falchion of chaos (weapon)
 n - a +0 scythe
 p - a +0 longbow
Missiles
 e - 64 arrows
 f - 45 bolts
 l - 134 stones
 q - a throwing net
 r - 2 javelins
Armour
 b - a +2 leather armour (worn)
 d - a +1 pair of gloves (worn)
 j - a +0 kite shield (worn)
 t - a +0 pair of boots (worn)
 u - a +0 kite shield
Jewellery
 c - the ring "Izino" (left hand) {*Slow Str+6 Dex+2 SInv}
   (You acquired it on level 1 of the Dungeon)

   [ring of strength]

   Str:       It affects your strength (+6).
   Dex:       It affects your dexterity (+2).
   SInv:      It lets you see invisible.
   *Slow:     It may slow you when you take damage.
Scrolls
 o - 2 scrolls of amnesia
Potions
 g - 2 potions of berserk rage
 h - a potion of heal wounds
 i - a potion of attraction
 k - 4 potions of curing
 m - 2 potions of cancellation
 s - a potion of magic


   Skills:
 + Level 5.0 Fighting
 + Level 5.9 Long Blades
 + Level 3.6 Armour
 + Level 2.9 Dodging
 + Level 1.1 Stealth
 + Level 1.4 Shields


You had 5 spell levels left.
You didn't know any spells.
Your spell library contained the following spells:

 Spells                   Type           Power      Damage    Failure   Level
 Corpse Rot               Necr/Air       N/A        N/A       98%         2
 Poisonous Vapours        Pois/Air       0%         N/A       98%         2


Dungeon Overview and Level Annotations

Branches:
Dungeon (4/15)             Temple (1/1) D:4

Altars:
Cheibriados
Dithmenos
Hepliaklqana
Kikubaaqudgha
Makhleb
Okawaru
Qazlal
Ru
Sif Muna
Wu Jian
The Shining One


Innate Abilities, Weirdness & Mutations

You are amphibious.
You cover ground slowly.
You can hop short distances.
You have an extended range of vision and can be seen from far away.
You are partially covered in iridescent scales. (AC +2)
Your mind is acute. (Int +2)
Your spells are a little harder to cast, but a little more powerful.
You expend magic power (3 MP) to strengthen your wands.


Message History

The quasit barely misses you.
Okay, then.
The barbs in your skin will harm you if you move.
Continue? [Y]es or [N]o only, please.
The barbs in your skin will harm you if you move.
Continue? [Y]es or [N]o only, please.
The barbs in your skin will harm you if you move.
Continue? [Y]es or [N]o only, please.
The barbs in your skin will harm you if you move.
Continue? [Y]es or [N]o only, please.
The barbs in your skin will harm you if you move.
Continue? [Y]es or [N]o only, please.
The barbs in your skin will harm you if you move.
Continue? [Y]es or [N]o only, please.
The barbs in your skin will harm you if you move.
Continue? [Y]es or [N]o only, please.
The barbs in your skin will harm you if you move.
Continue? [Y]es or [N]o only, please.
The barbs in your skin will harm you if you move.
Continue? [Y]es or [N]o only, please.
The barbs in your skin will harm you if you move.
Continue? [Y]es or [N]o only, please.
The barbs in your skin will harm you if you move.
Continue? [Y]es or [N]o only, please.
The barbs in your skin will harm you if you move.
Continue? [Y]es or [N]o only, please.
The barbs in your skin will harm you if you move.
Continue?
Hop to where?
Press: ? - help, Dir - move target, f - you
Okay, then.
Okay, then.
Hop to where?
Press: ? - help, Dir - move target Boing!
The barbed spikes dig painfully into your body as you move.
* * * LOW HITPOINT WARNING * * *
The orange demon stings you but does no damage.
The barbed spikes dig painfully into your body as you move.
You die...
Xom roars with laughter!

.....##.......................#
.....# .......................#
.....# .........†.............###
.....# ..........................
.....# ..........>...............
.....# .........)................
.....# ##########.......)........
###########..........<...........
.........5..@.....[..........
.........4...................
........5.........######.....
..........4.......# #.....
....[.............# #..[..
..................# #.....
..................# #.....
.........########## #.....
.........# ######


You could see an orange demon (summoned), a red devil (summoned), a quasit
(summoned) and an ufetubus (summoned).

Vanquished Creatures
  Sigmund (D:3)
  An orc priest (D:4)
  4 adders
  5 dart slugs
  9 orcs (D:4)
  2 bats
  4 endoplasms
  3 giant cockroaches
  6 goblins
  14 hobgoblins
  4 jackals (D:1)
  2 quokkas
  10 ball pythons
  A frilled lizard (D:2)
  8 kobolds
  5 rats
79 creatures vanquished.

Vanquished Creatures (others)
  A fungus (D:1)
  9 plants
10 creatures vanquished.

Grand Total: 89 creatures vanquished

Notes
Turn   | Place    | Note
-------+----------+-------------------------------------------
     0 | D:1      | cheechan the Barachi Chaos Knight began the quest for the
                  | Orb.
     0 | D:1      | Reached XP level 1. HP: 18/18 MP: 1/1
   231 | D:1      | Reached XP level 2. HP: 20/25 MP: 2/2
   300 | D:1      | Found a faded altar of an unknown god.
   319 | D:1      | XOM: divination: detect items
   586 | D:1      | Identified a scroll of acquirement
   586 | D:1      | Acquired the ring "Izino" {*Slow Str+6 Dex+2 SInv}
   610 | D:1      | Reached XP level 3. HP: 30/30 MP: 3/3
   662 | D:1      | XOM: silly message
  1111 | D:1      | XOM: god gift: 13 bolts
  1440 | D:2      | XOM: god gift: glowing yellow potion {god gift}
  1697 | D:2      | XOM: give mutations
  1697 | D:2      | Gained mutation: Your mind is acute. (Int +2) [Xom's grace]
  1697 | D:2      | Gained mutation: Your spells are a little harder to cast,
                  | but a little more powerful. [Xom's grace]
  1697 | D:2      | Gained mutation: You expend magic power (3 MP) to
                  | strengthen your wands. [Xom's grace]
  1697 | D:2      | Gained mutation: You are partially covered in iridescent
                  | scales. (AC +2) [Xom's grace]
  1707 | D:2      | XOM: scenery: summon butterflies
  1847 | D:2      | Reached XP level 4. HP: 36/38 MP: 4/4
  1871 | D:2      | XOM: silly message
  1981 | D:2      | XOM: silly message
  2016 | D:3      | Noticed Sigmund
  2023 | D:3      | Killed Sigmund
  2024 | D:3      | Reached skill level 5 in Long Blades
  2024 | D:3      | Reached skill level 1 in Shields
  2024 | D:3      | Reached XP level 5. HP: 35/43 MP: 5/5
  2064 | D:3      | Reached XP level 6. HP: 50/50 MP: 6/6
  2097 | D:3      | XOM: noise
  2211 | D:3      | XOM: polymorph hobgoblin -> dart slug
  2214 | D:3      | XOM: enchant monster (bad)
  2366 | D:3      | XOM: repel stairs
  2413 | D:3      | XOM: 5-stop teleportation journey
  2420 | D:3      | XOM: noise
  2508 | D:3      | Found a burning altar of Makhleb.
  2508 | D:3      | Noticed a balrug
  2512 | D:3      | Noticed a ynoxinul
  2512 | D:3      | Noticed a ynoxinul
  2567 | D:4      | Reached skill level 1 in Stealth
  2570 | D:4      | Found a staircase to the Ecumenical Temple.
  2797 | Temple   | Entered the Ecumenical Temple
  2866 | D:4      | XOM: silly message
  2886 | D:4      | Found a shimmering blue altar of Sif Muna.
  2945 | D:4      | Reached skill level 5 in Fighting
  3059 | D:4      | XOM: summons 4 hostile demons
  3060 | D:4      | Noticed a red devil
  3060 | D:4      | Noticed an orange demon
  3062 | D:4      | HP: 2/51 [barbs]
  3063 | D:4      | Succumbed to barbed spike wounds

Illustrated notes

Levels and vault maps discovered:
D:1:      scummos_arrival_forest, layout_basic, shapermc_ecumenical_altar_ellora
D:2:      layout_basic, minmay_misc_feat_doors, minmay_goblin_kobold_house
D:3:      layout_basic, makhleb_altar_promises_db, uniq_sigmund
D:4:      layout_basic, led_sif_pool, minmay_temple_entry_gardened_gates,
          uniq_edmund
Temple:   jpeg_temple_island

Skill      XL: |  1  2  3  4  5  6 |
---------------+-------------------+-----
Long Blades    | 4 5 |  5.9
Fighting       | 4 5 |  5.0
Armour         | 3 |  3.6
Dodging        | 2 |  2.9
Shields        | 1 |  1.4
Stealth        | 1 |  1.1

Action                   |  1- 3 |  4- 6 || total
-------------------------+-------+-------++-------
Melee: Falchion          |   131 |    97 ||   228
 Abil: Hop               |     1 |     1 ||     2
  Use: Scroll            |     6 |     9 ||    15
 Stab: Paralysed         |     1 |       ||     1
       Distracted        |       |     1 ||     1
       Petrifying        |       |     1 ||     1
Armor: Leather armour    |    53 |    54 ||   107
Dodge: Dodged            |    93 |    44 ||   137
Block: Kite shield       |     6 |    48 ||    54

Table legend: (Time is in decaauts)
 A = Elapsed time spent in this place.
 B = Non-inter-level travel time spent in this place.
 C = Inter-level travel time spent in this place.
 D = Time resting spent in this place.
 E = Time spent auto-exploring this place.
 F = Levels seen in this place.
 G = Mean time per level.
                   A        B        C        D        E       F      G
               +--------+--------+--------+--------+--------+-----+--------+
         Total |   3520 |   3499 |     21 |    619 |      0 |   5 |  704.0 |
       Dungeon |   3489 |   3468 |     21 |    619 |      0 |   4 |  872.2 |
        Temple |     31 |     31 |      0 |      0 |      0 |   1 |   31.0 |
               +--------+--------+--------+--------+--------+-----+--------+

Top non-repeatable levels by time:
     D:1: 1292 daAuts
     D:2: 976 daAuts
     D:3: 648 daAuts
     D:4: 571 daAuts
  Temple: 31 daAuts
